 Seeded DCSS version 0.28-a0-1567-g1695149f81 (webtiles) character file.

Game seed: 1271 (custom seed)

240 knot the Chopper (level 5, 40/61 HPs)
             Began as a Demonspawn Berserker on Jan 20, 2022.
             Was a Follower of Trog.
             Quit the game on level 2 of the Dungeon.
             The game lasted 00:02:38 (2043 turns).

knot the Chopper (Demonspawn Berserker)             Turns: 2043, Time: 00:02:39

Health: 40/61      AC:  5    Str: 17    XL:     5   Next: 80%
Magic:  5/5        EV: 11    Int: 10    God:    Trog [*.....]
Gold:   36         SH:  0    Dex: 13    Spells: 4/4 levels left

rFire   . . .      SeeInvis .   a - +0 hand axe
rCold   . . .      Faith    .   (no shield)
rNeg    . . .      Spirit   .   f - +0 ring mail
rPois   .          Reflect  .   (no helmet)
rElec   .          Harm     .   (no cloak)
rCorr   .          Rampage  .   (no gloves)
Will    .....                   (no boots)
Stlth   ..........              (no amulet)
HPRegen 0.20/turn               (no ring)
MPRegen 0.18/turn               (no ring)

@: berserking, very quick
A: foul stench 1, magic regeneration, sturdy frame 1
a: Renounce Religion, Berserk


You were on level 2 of the Dungeon.
You worshipped Trog.
Trog was aware of your devotion.
You visited 1 branch of the dungeon, and saw 2 of its levels.

You collected 36 gold pieces.

Inventory:

Hand Weapons
 a - a +0 hand axe (weapon)
Missiles
 c - 37 sling bullets
 e - 33 stones (quivered)
Armour
 f - a +0 ring mail (worn)
Wands
 l - a wand of flame (25)
Scrolls
 b - 4 scrolls of teleportation {unknown}
 d - a scroll of vulnerability {unknown}
 j - a scroll of noise {unknown}
 k - a scroll of enchant armour {unknown}
 m - a scroll of acquirement {unknown}
Potions
 g - 2 potions of brilliance {unknown}
 h - a potion of curing {unknown}
 i - a potion of flight {unknown}


   Skills:
 - Level 3.0 Fighting
 + Level 6.0 Axes
 - Level 1.7 Armour
 - Level 1.7 Dodging


You had 4 spell levels left.
You didn't know any spells.
Your spell library contained the following spells:

 Spells                   Type           Power      Damage    Failure   Level
 Magic Dart               Conj           0%         1d3       45%         1
 Call Imp                 Summ           0%         N/A       61%         2
 Dazzling Flash           Conj/Hex       0%         N/A       83%         3
 Mephitic Cloud           Conj/Pois/Air  0%         N/A       83%         3
 Summon Guardian Golem    Hex/Summ       0%         N/A       83%         3
 Tukima's Dance           Hex            0%         N/A       83%         3


Dungeon Overview and Level Annotations

Branches:
Dungeon (2/15)

Altars:

Annotations:
D:2 1 runed translucent door, Crazy Yiuf


Innate Abilities, Weirdness & Mutations

You may rarely emit foul miasma when damaged in melee.
You regenerate magic rapidly.
Your movements are slightly less encumbered by armour. (ER -2)


Message History

m - a scroll labelled MOOLO CISCHIURE
g - 2 lumpy red potions (gained 1)
c - 37 sling bullets (gained 15)
Found a mace.
Found a runed translucent door.
Crazy Yiuf shouts!
Crazy Yiuf cries, "Ten broken infinity!"
Crazy Yiuf screams, "Ghoul childish cower!"
Things that are here:
a +1 dagger of protection; a kobold skeleton
Found a stone staircase leading down.
Sigmund the Dreaded comes into view.
He is wielding a +0 scythe.
Sigmund points at you and mumbles some strange words.
The puff of flame hits you!
You start resting.
Sigmund is nearby!
Okay, then.
A worm comes into view.
Sigmund gestures at you while chanting. The puff of flame misses you.
A red film seems to cover your vision as you go berserk!
You feel yourself moving faster!
You feel mighty!
Sigmund drinks a potion.
Sigmund suddenly seems more resistant.
You feel a strong urge to attack something.
You slash Sigmund!
Sigmund is heavily wounded.
Sigmund hits you with a +0 scythe.
You slash Sigmund!
Sigmund is almost dead.
You slash Sigmund!
You kill Sigmund!
Trog accepts your kill.
Trog appreciates your killing of a magic user.
Your Axes skill gained 2 levels and is now at level 6!
You have reached level 5!
Your demonic ancestry asserts itself...
You begin to emit a foul stench of rot and decay.
Unknown command.
Unknown command.
Unknown command.
Are you sure you want to abandon this character and quit the game? (Confirm with "yes".)

.##.# #)..# ###.#
..# #...# #.# #..
... ###.# #.# #+#
..#.#### #.# #.##
#.....<# #w# ###
##.# ###..#.# #.#>..
#.## ##.#.# #.#.#
##.#
####.#.#########@).#
##.##
.................###
##...#
#########.######.#
#....# #.## #.#
##..## #..#####.#
### #....#
#.....##.# #.#
#...##
##.##.##.####.#
#..##
#........##..###.##
###..##......##..#


You could see a worm.

Vanquished Creatures
  Sigmund (D:2)
  Jessica (D:2)
  2 adders (D:2)
  2 worms (D:2)
  A dart slug (D:2)
  3 ball pythons
  3 bats
  2 endoplasms
  A giant cockroach (D:1)
  5 goblins
  4 quokkas
  2 frilled lizards (D:1)
  A kobold (D:2)
  3 rats
31 creatures vanquished.

Vanquished Creatures (others)
  A plant (D:1)
1 creature vanquished.

Grand Total: 32 creatures vanquished

Notes
Turn   | Place    | Note
-------+----------+-------------------------------------------
     0 | D:1      | knot the Demonspawn Berserker began the quest for the Orb.
     0 | D:1      | Reached XP level 1. HP: 18/18 MP: 1/1
   160 | D:1      | Reached skill level 3 in Axes
   627 | D:1      | Gained mutation: Your movements are slightly less
                  | encumbered by armour. (ER -2) [demonic ancestry]
   627 | D:1      | Reached XP level 2. HP: 23/24 MP: 2/2
   953 | D:1      | Found a faded altar of an unknown god.
  1331 | D:2      | Got the Papyrus of Causality
  1404 | D:2      | Noticed Jessica
  1410 | D:2      | Killed Jessica
  1411 | D:2      | Reached skill level 4 in Axes
  1411 | D:2      | Reached XP level 3. HP: 22/29 MP: 3/3
  1701 | D:2      | Gained mutation: You regenerate magic rapidly. [demonic
                  | ancestry]
  1701 | D:2      | Reached XP level 4. HP: 33/35 MP: 4/4
  1974 | D:2      | Found a runed translucent door.
  1975 | D:2      | Noticed Crazy Yiuf
  2030 | D:2      | Noticed Sigmund
  2042 | D:2      | Killed Sigmund
  2043 | D:2      | Reached skill level 6 in Axes
  2043 | D:2      | Gained mutation: You may rarely emit foul miasma when
                  | damaged in melee. [demonic ancestry]
  2043 | D:2      | Reached XP level 5. HP: 40/41 MP: 5/5
  2043 | D:2      | Quit the game

Illustrated notes

Levels and vault maps discovered:
D:1:      dpeg_chamrin_arrival_tetris, layout_rooms,
          dreamdust_ecumenical_altar_hidden_monk_grotto,
          corexii_leaking_fountain
D:2:      layout_rooms, minmay_misc_feat_enclosed, uniq_jessica,
          uniq_crazy_yiuf_cottage, uniq_sigmund

Skill      XL: |  1  2  3  4 |
---------------+-------------+-----
Axes           | 3 4 6 |  6.0
Fighting       | |  3.0
Armour         | |  1.7
Dodging        | |  1.7

Action                   |  1- 3 |  4- 6 || total
-------------------------+-------+-------++-------
Melee: Hand axe          |    83 |    10 ||    93
       Punch             |     1 |       ||     1
Invok: Berserk           |     3 |     2 ||     5
Armor: Animal skin       |     8 |       ||     8
       Ring mail         |    15 |       ||    15
Dodge: Dodged            |    56 |     2 ||    58

Table legend: (Time is in decaauts)
 A = Elapsed time spent in this place.
 B = Non-inter-level travel time spent in this place.
 C = Inter-level travel time spent in this place.
 D = Time resting spent in this place.
 E = Time spent auto-exploring this place.
 F = Levels seen in this place.
 G = Mean time per level.
                   A        B        C        D        E       F      G
               +--------+--------+--------+--------+--------+-----+--------+
         Total |   2091 |   2087 |      4 |    656 |   1188 |   2 | 1045.5 |
       Dungeon |   2091 |   2087 |      4 |    656 |   1188 |   2 | 1045.5 |
               +--------+--------+--------+--------+--------+-----+--------+

Top non-repeatable levels by time:
     D:1: 1295 daAuts
     D:2: 796 daAuts
